 Dungeon Crawl Stone Soup version 0.31-a0-361-g0f8bd3a31e (webtiles) character file.

Game seed: 15620998191616413088

166 BritishOli the Trooper (level 5, -8/42 HPs)
             Began as a Demonspawn Fighter on July 27, 2023.
             Killed by an exploding ball python (25 damage)
             ... ignited by their inner flame
             ... on level 3 of the Dungeon.
             The game lasted 00:02:29 (2254 turns).

BritishOli the Trooper (Demonspawn Fighter)         Turns: 2254, Time: 00:02:29

Health: -8/42      AC: 12    Str: 18    XL:     5   Next: 22%
Magic:  5/5        EV:  8    Int: 10    God:
Gold:   125        SH: 10    Dex: 12    Spells: 4/4 levels left

rFire   . . .        a - +0 war axe
rCold   + . .        u - +2 kite shield
rNeg    . . .        b - +0 scale mail
rPois   .            k - +0 helmet
rElec   .            (no cloak)
rCorr   .            (no gloves)
SInv    .            (no boots)
Will    .....        (no amulet) Stlth
                     e - +4 ring of protection
HPRegen 1.27/turn    n - ring of protection from cold
MPRegen 0.09/turn

%: no passive effects
@: about to teleport
A: hooves 1, ignite blood 1, powered by death 1
a: no special abilities


You were on level 3 of the Dungeon.
You visited 1 branch of the dungeon, and saw 3 of its levels.

You collected 125 gold pieces.

Inventory:

Hand Weapons
 a - a +0 war axe (weapon)
Armour
 b - a +0 scale mail (worn)
 k - a +0 helmet (worn)
 u - a +2 kite shield (worn)
Jewellery
 e - a +4 ring of protection (left hand)
 n - a ring of protection from cold (right hand)
Wands
 c - a wand of acid (4)
 q - a wand of roots (8)
Scrolls
 g - a scroll of revelation
 o - 2 scrolls of amnesia
 r - 2 scrolls of vulnerability
 v - a scroll of poison
Potions
 d - a potion of might
 f - a potion of enlightenment {unknown}
 j - a potion of mutation {unknown}
 l - a potion of attraction {unknown}
 m - 2 potions of curing {unknown}
 p - a potion of lignification {unknown}
 s - 2 potions of haste {unknown}
 t - 2 potions of berserk rage {unknown}


   Skills:
 * Level 3.9 Fighting
 * Level 3.0 Axes
 + Level 3.5 Armour
 + Level 3.5 Shields


You had 4 spell levels left.
You didn't know any spells.
Your spell library contained the following spells:

 Spells                   Type           Power      Damage    Failure   Level
 Apportation              Tloc           0%         N/A       97%         1
 Necrotise                Necr           0%         1d4       97%         1
 Slow                     Hex            0%         N/A       97%         1
 Summon Small Mammal      Summ           0%         N/A       97%         1
 Confusing Touch          Hex            0%         N/A       100%        3
 Vampiric Draining        Necr           0%         2d6       100%        3


Dungeon Overview and Level Annotations

Branches:
Dungeon (3/15)

Altars:
Nemelex Xobeh

Annotations:
D:2 1 runed translucent door, Crazy Yiuf


Innate Abilities, Weirdness & Mutations

You have large cloven feet.
Your demonic aura sometimes causes spilled blood to erupt in flames.
You regenerate a little health from kills.


Message History

The ball python constricts you.
As you read the scroll of identify, it crumbles to dust.
o - 2 scrolls of amnesia You block the ball python's attack.
The ball python constricts you.
As you read the scroll labelled WAR EQAESEGRA, it crumbles to dust.
The creatures around you are filled with an inner flame!
It was a scroll of immolation.
The ball python barely misses you. The ball python constricts you.
The dart slug briefly extends its eye-stalks.
The air fills with toxic fumes!
As you read the scroll labelled ERUCIXZODOU, it crumbles to dust.
It was a scroll of poison.
The ball python bites you but does no damage.
The ball python constricts you.
As you read the scroll labelled JUINOB QYUSENIA, it crumbles to dust.
You feel strangely unstable.
It was a scroll of teleportation.
The ball python barely misses you. The ball python constricts you.
Unknown command.
Unknown command.
Unknown command.
Unknown command.
Unknown command.
Unknown command.
Unknown command.
Unknown command.
Unknown command.
Unknown command.
Unknown command.
Unknown command.
Unknown command.
You closely miss the ball python.
The ball python bites you but does no damage.
The ball python constricts you. You block the ball python's attack.
The ball python constricts you.
You hit the ball python.
The ball python explodes!
The fiery explosion engulfs the dart slug!!!
The fiery explosion engulfs you!!
Ouch! That really hurt!
You die...

#.##.###.##.!)##...........##...#
..*#.# #.#)$$§§#.####..##........
##*#.###.#).?§§###..##.##.......#
*#+#...#..(Kg##◎..(#.##.......#
*#....#.##?.Ko#'....#.##.###..##
*#.....##.#####K##..##.##.###..#
#......,##....#§###)#..##......#
.......,,###.##§##....#####...###
.......,,+...#§§@#...............
.......,,###.##§##..#######...###
#......,*###..###...#### #......#
**,,,,,**###......#.######.##.#.#
**,,,,** ###...#.##.#####.....#.#
,,,*+** ##......##.#####..####.#
****,****##..######.#####.......#
* *,,,,,,.#..######.#####.#######
* *,,****,#..#*****.# #.#


You could see a gnoll (inner flame), an orc (inner flame) and a kobold (inner
flame).

Vanquished Creatures
  Natasha (twice) (D:2)
  5 adders
  A worm (D:2)
  3 dart slugs
  3 orcs (D:3)
  11 ball pythons
  4 endoplasms
  A giant cockroach (D:1)
  6 goblins
  6 hobgoblins
  5 quokkas
  9 bats
  3 frilled lizards
  7 kobolds
  A rat (D:2)
67 creatures vanquished.

Notes
Turn   | Place    | Note
-------+----------+-------------------------------------------
     0 | D:1      | BritishOli the Demonspawn Fighter began the quest for the
                  | Orb.
     0 | D:1      | Reached XP level 1. HP: 18/18 MP: 1/1
   111 | D:1      | Gained mutation: You regenerate a little health from kills.
                  | [demonic ancestry]
   111 | D:1      | Reached XP level 2. HP: 24/24 MP: 2/2
   602 | D:2      | Gained mutation: Your demonic aura sometimes causes spilled
                  | blood to erupt in flames. [demonic ancestry]
   602 | D:2      | Reached XP level 3. HP: 29/29 MP: 3/3
   956 | D:2      | Noticed Natasha
   962 | D:2      | Killed Natasha
   963 | D:2      | Gained mutation: You have large cloven feet. [demonic
                  | ancestry]
   963 | D:2      | Reached XP level 4. HP: 18/35 MP: 4/4
   993 | D:2      | Found a sparkling altar of Nemelex Xobeh.
  1037 | D:2      | Noticed Natasha
  1049 | D:2      | Killed Natasha
  1459 | D:2      | Found a runed translucent door.
  1460 | D:2      | Noticed Crazy Yiuf
  1770 | D:3      | Reached XP level 5. HP: 41/42 MP: 5/5
  1863 | D:3      | Found a faded altar of an unknown god.
  2254 | D:3      | Killed by an exploding ball python... ignited by their
                  | inner flame

Illustrated notes

Levels and vault maps discovered:
D:1:      nicolae_arrival_washed_ashore, layout_basic, serial_glass,
          glass_columns_a, glass_columns_b
D:2:      layout_basic, basic_altar, moated_statue, kennysheep_generic_room_16,
          uniq_crazy_yiuf_cottage, uniq_natasha
D:3:      minmay_spotlight, layout_loops_corners, ebering_ecumenical_altar_hall,
          minmay_joined_circles

Skill      XL: |  1  2  3  4  5 |
---------------+----------------+-----
Axes           | 2 3 |  3.0
Shields        | 3 |  3.5
Armour         | 3 |  3.5
Fighting       | |  3.9

Action                     |  1- 3 |  4- 6 || total
---------------------------+-------+-------++-------
  Melee: War axe           |    85 |   100 ||   185
         Kick              |       |    15 ||    15
    Use: Scroll            |       |     6 ||     6
 Armour: Scale mail        |    48 |    70 ||   118
  Dodge: Dodged            |    47 |    37 ||    84
  Block: Buckler           |    15 |     3 ||    18
         Kite shield       |       |    61 ||    61

Table legend: (Time is in decaauts)
 A = Elapsed time spent in this place.
 B = Non-inter-level travel time spent in this place.
 C = Inter-level travel time spent in this place.
 D = Time resting spent in this place.
 E = Time spent auto-exploring this place.
 F = Levels seen in this place.
 G = Mean time per level.
                   A        B        C        D        E       F      G
               +--------+--------+--------+--------+--------+-----+--------+
         Total |   2338 |   2267 |     71 |     30 |   1710 |   3 |  779.3 |
       Dungeon |   2338 |   2267 |     71 |     30 |   1710 |   3 |  779.3 |
               +--------+--------+--------+--------+--------+-----+--------+

Top non-repeatable levels by time:
     D:2: 979 daAuts
     D:3: 792 daAuts
     D:1: 567 daAuts
